cohdb
Replays
Latest Replays
All Replays
Popular Replays
Top Player Replays
Match Explorer
How It Works
Community
CoH3 Stats
Reddit
Sign in to upload your games and track your stats! →
Sign in with Steam
Match 42866827
Unlisted
Match 42866827
Overview
Messages
Build Orders
End
Construct Section Command Post
Selects Australian Defense Battlegroup
Infantry Section
Selects Australian Light Infantry Section
Infantry Section
Grenade Package
Infantry Section
Construct Platoon Command Post
Humber Armored Car
Unlock Bishop Self-propelled Artillery
Bishop Self-propelled Artillery
Light Vehicle Training
6-pounder Anti-tank Gun Team
Bishop Self-propelled Artillery
Selects CMP 15cwt Supply Run
Selects Reinforced Resource Caches
ALM'OND'S
KroyWen
incel_incinerat0r
GodFearer777xboxlive
0
0
Comments
sign in to comment!
No comments posted yet!